 Dungeon Crawl Stone Soup version 0.25-a0-647-gd602d06ee1 (webtiles) character file.

Game seed: 5526361650754749303, levelgen mode: deterministic

121 MisterFreud the Ducker (level 4, -9/22 HPs)
             Began as a Felid Skald on Mar 21, 2020.
             Killed from afar by a steam dragon (12 damage)
             ... with a ball of steam
             ... on level 7 of the Dungeon.
             The game lasted 00:10:22 (5650 turns).

MisterFreud the Ducker (Felid Skald)                Turns: 5650, Time: 00:10:24

Health: -9/22      AC:  1    Str:  7    XL:     4   Next: 76%
Magic:  2/8        EV: 20    Int: 14    God:
Gold:   216        SH:  0    Dex: 17    Spells: 4/7 levels left
                                        Lives:  0   Deaths: 1

rFire    . . .     SeeInvis +     - Unarmed
rCold    . . .     Gourm    .   (shield unavailable)
rNeg     . . .     Faith    .   (armour unavailable)
rPois    .         Spirit   .   (helmet unavailable)
rElec    .         Reflect  .   (cloak unavailable)
rCorr    .         Harm     .   (gloves unavailable)
MR       .....                  (boots unavailable)
Stlth    +++.......             (no amulet)
HPRegen  0.07/turn              (no ring)
MPRegen  0.11/turn              (no ring)

@: quick
A: very small, no armour, no weapons or thrown items, stealth, claws 1, fangs 3,
see invisible, carnivore, speed 1, shaggy fur 1, slow metabolism 1, sharp paws
a: no special abilities


You were on level 7 of the Dungeon.
You were not hungry.

You visited 1 branch of the dungeon, and saw 7 of its levels.

You collected 216 gold pieces.

Inventory:

Wands
 l - a wand of scattershot (6)
Scrolls
 a - 6 scrolls of identify
 d - a scroll of immolation
 f - 2 scrolls of enchant armour
 g - 2 scrolls of remove curse
 h - a scroll of fog {unknown}
 j - a scroll of amnesia {unknown}
 m - a scroll of magic mapping {unknown}
 n - a scroll of blinking {unknown}
Potions
 c - a potion of stabbing
 i - a potion of ambrosia
 o - a potion of haste {unknown}
Comestibles
 b - 10 rations


   Skills:
 - Level 4.0 Fighting
 + Level 4.7 Dodging
 + Level 3.5 Stealth
 + Level 3.2 Unarmed Combat
 - Level 2.0 Spellcasting
 - Level 3.6 Charms
 + Level 0.0 Evocations


You had 4 spell levels left.
You knew the following spells:

 Your Spells              Type           Power        Failure   Level  Hunger
a - Infusion              Chrm           ##..         5%          1    ##.....
b - Shroud of Golubria    Chrm/Tloc      #.....       17%         2    ###....

Your spell library contained the following spells:

 Spells                   Type           Power        Failure   Level  Hunger
 Song of Slaying          Chrm           ##......     9%          2    ###....
 Ozocubu's Armour         Chrm/Ice       #.......     34%         3    ####...
 Spectral Weapon          Hex/Chrm       Unusable     N/A         3    N/A

Dungeon Overview and Level Annotations

Branches:
Dungeon (7/15)
 Temple: D:4-7

Altars:
Qazlal
Vehumet
Wu Jian
Xom

Shops:
D:4 [

Annotations:
D:4 exclusion: statue


Innate Abilities, Weirdness & Mutations

You cannot wear armour.
You are incapable of wielding weapons or throwing items.
Your paws allow you to move quietly. (Stealth)
You have sharp claws.
You have razor-sharp teeth.
You have supernaturally acute eyesight. (SInv)
You are carnivorous and can eat meat at any time.
You cover ground quickly.
You are covered in fur. (AC +1)
You have a slow metabolism.
Your sharp claws are effective at attacking unaware monsters.


Message History

You closely miss the orc warrior.
You bite the orc warrior, but do no damage.
The orc warrior is moderately wounded.
The orc warrior completely misses you.
You see here 19 stones.
There is a stone staircase leading down here.
You can't go up here!
The crimson imp shouts!
You climb downwards.
A steam dragon comes into view.
Found a metal-bound book and a ring mail.
There is a stone staircase leading up here.
You see here a book of Conjurations.
The helpless steam dragon fails to defend itself.
You mangle the steam dragon!!
The steam dragon is severely wounded.
The steam dragon breathes steam at you. The ball of steam hits you!
Ouch! That really hurt!
You die...

..............#
.................
.................
................
#..............
#..........#...
###...D........#
#......@......[#
..#.##..:<....#
#..##....... #..#
....... #....
....... ......
....... .......
.......
....#..#........
...##.. .......


You could see a steam dragon.

Vanquished Creatures
  A scorpion (D:4)
  An orc wizard (D:3)
  4 adders
  3 gnolls (D:3)
  3 worms
  2 dart slugs
  A leopard gecko (D:6)
  11 orcs
  7 giant cockroaches
  6 goblins
  8 hobgoblins
  5 jackals (D:2)
  4 quokkas
  A ball python (D:2)
  A bat (D:2)
  5 frilled lizards
  A jackal skeleton (D:4)
  A jackal zombie (D:5)
  3 kobolds
  2 rats
70 creatures vanquished.

Vanquished Creatures (others)
  6 toadstools (D:3)
6 creatures vanquished.

Grand Total: 76 creatures vanquished

Notes
Turn   | Place    | Note
-------+----------+-------------------------------------------
     0 | D:1      | MisterFreud the Felid Skald began the quest for the Orb.
     0 | D:1      | Reached XP level 1. HP: 9/9 MP: 4/4
   540 | D:1      | Reached XP level 2. HP: 9/13 MP: 1/6
   591 | D:1      | Learned a level 2 spell: Shroud of Golubria
  1198 | D:2      | Reached XP level 3. HP: 18/18 MP: 0/7
  1756 | D:2      | Reached skill level 1 in Stealth
  2142 | D:2      | Reached XP level 4. HP: 22/22 MP: 5/8
  3472 | D:3      | Reached XP level 5. HP: 24/25 MP: 3/9
  4081 | D:4      | Found Zawuku's Antique Armour Boutique.
  4404 | D:4      | Found a stormy altar of Qazlal.
  4471 | D:4      | Found a shimmering altar of Xom.
  4489 | D:4      | Found a shimmering altar of Xom.
  4490 | D:4      | Found a shimmering altar of Xom.
  4491 | D:4      | Found a shimmering altar of Xom.
  4491 | D:4      | Found a shimmering altar of Xom.
  4494 | D:4      | Found a shimmering altar of Xom.
  4702 | D:4      | Found a radiant altar of Vehumet.
  4702 | D:4      | Noticed a charred statue
  4975 | D:5      | Entered Level 5 of the Dungeon
  5077 | D:5      | Noticed an ogre
  5095 | D:6      | Noticed an ogre
  5117 | D:6      | Noticed an orc warrior
  5538 | D:6      | Found an ornate altar of the Wu Jian Council.
  5561 | D:5      | Noticed a cyclops
  5565 | D:6      | Slain by a cyclops
  5566 | D:6      | Reached XP level 4. HP: -5/22 MP: 6/8
  5647 | D:7      | Noticed a steam dragon
  5650 | D:7      | Killed from afar by a steam dragon

Levels and vault maps discovered:
D:1:      ncdulo_wetmaze, layout_rooms, serial_curves, eino_curves_03,
          eino_curves_01, eino_curves_01, item_on_display_b
D:2:      layout_rooms, st_stairs_8, minmay_bisected
D:3:      layout_loops_ring, first_ration, minmay_gold_behind_fungi,
          eino_tiny_chamber
D:4:      layout_loops_cross, kennysheep_mini, vehumet_statue, serial_shops,
          shop, xom_redecorated
D:5:      layout_cave_pools, nzn_random_ring
D:6:      layout_basic, kennysheep_mini_moat, grunt_temple_overflow_cloverleaf,
          serial_shops, nicolae_shop_overgrown_old_shop
D:7:      layout_cave_pools, minmay_temple_entry_offerings,
          minmay_chambers_of_fives

Skill      XL: |  1  2  3  4  5 |
---------------+----------------+-----
Fighting       | 3 4 |  4.0
Stealth        | 1 2 3 |  3.5
Dodging        | 4 |  4.7
Unarmed Combat | 3 |  3.2
Spellcasting   | |  2.0
Charms         | |  3.6

Action                   |  1- 3 |  4- 6 || total
-------------------------+-------+-------++-------
Melee: Unarmed           |   123 |   183 ||   306
       Bite              |    10 |    17 ||    27
       Punch             |       |     2 ||     2
 Cast: Infusion          |    16 |    11 ||    27
       Shroud of Golubri |     9 |    16 ||    25
Evoke: Wand              |       |     3 ||     3
  Use: Scroll            |       |     6 ||     6
       Potion            |       |     1 ||     1
 Stab: Sleeping          |     3 |     8 ||    11
  Eat: Chunk             |    11 |     6 ||    17
Armor: Skin              |     6 |     6 ||    12
Dodge: Dodged            |   107 |   120 ||   227

Table legend:
 A = Non-vault XP
 B = Vault XP
 C = Vault XP percentage of total XP
 D = Non-vault monster count
 E = Vault monster count
 F = Vault count percentage of total count
                 A         B        C        D         E       F
            +---------+---------+-------+---------+---------+-------
      Total |     334 |       5 |   1.5 |      67 |       3 |   4.3
            +---------+---------+-------+---------+---------+-------
        D:1 |      31 |       0 |   0.0 |      10 |       0 |   0.0
        D:2 |      75 |       5 |   6.2 |      25 |       3 |  10.7
        D:3 |     135 |       0 |   0.0 |      24 |       0 |   0.0
        D:4 |      89 |       0 |   0.0 |       6 |       0 |   0.0
        D:5 |       1 |       0 |   0.0 |       1 |       0 |   0.0
        D:6 |       3 |       0 |   0.0 |       1 |       0 |   0.0
            +---------+---------+-------+---------+---------+-------
